AoeStats
← YooLu

Arena

504468588Analyzed
3v3 RM · 28d ago on Sep 5, 2026· 52m 48s· 6 players
Game mode
Random Map
Map size
Normal (6 player)
Population
200
Speed
Normal
Resources
Standard
Victory
Conquest
Starting age
Dark Age
Ending age
Imperial Age
RankedLock teamsTeams togetherTeam positionsShared explorationLock speedFull tech treeHidden civsTurbo modeCheats
Victory
Defeat
🇹🇼 Hindustanis · Taiwan
1093
+14
🇹🇼 Vietnamese · Taiwan
1075
+28
🇹🇼 Persians · Taiwan
922
+63
🇹🇼 Teutons · Taiwan
1043
-17
🇷🇺 Japanese · Russia
1038
-16
🇹🇼 Franks · Taiwan
1018
-16
YooLu
9:55 Feudal Age
8:11 Loom
15:02 Castle Age
12:53 Double-Bit Axe
13:17 Horse Collar
18:03 Wheelbarrow
18:08 Heavy Plow
20:53 Bow Saw
21:52 Gold Mining
26:57 Imperial Age
24:16 Town Watch
25:04 Scale Barding Armor
25:10 Forging
25:47 Hand Cart
25:55 Husbandry
26:06 Bloodlines
27:09 Stone Mining
27:56 Gold Shaft Mining
27:13 Heavy Camel Rider
30:30 Chemistry
29:37 Siege Engineers
30:59 Two-Man Saw
29:48 Elite Skirmisher
30:40 Squires
31:19 Iron Casting
31:05 Chain Barding Armor
30:22 Imperial Camel Rider
32:22 Ballistics
32:42 Imperial Skirmisher
40:03 Plate Barding Armor
40:28 Blast Furnace
45:01 Conscription
45:20 Shatagni
45:31 Grand Trunk Road
46:11 Caravan
47:40 Fletching
47:51 Padded Archer Armor
shagods
7:04 Loom
10:34 Feudal Age
11:17 Double-Bit Axe
12:40 Wheelbarrow
14:33 Horse Collar
16:30 Scale Barding Armor
20:12 Castle Age
19:15 Gold Mining
20:26 Scale Barding Armor
20:37 Forging
20:39 Stone Mining
21:06 Heavy Plow
24:11 Wheelbarrow
24:48 Gold Shaft Mining
26:32 Bow Saw
27:13 Chain Barding Armor
27:31 Iron Casting
27:19 Husbandry
28:43 Scale Mail Armor
29:15 Elite Skirmisher
31:20 Bloodlines
35:32 Imperial Age
38:07 Cavalier
40:00 Plate Barding Armor
40:13 Cavalier
43:00 Blast Furnace
42:18 Chain Mail Armor
45:33 Masonry
46:00 Ballistics
46:32 Hand Cart
49:45 Chemistry
48:50 Savar
51:39 Plate Mail Armor
51:06 Fletching
謙謙謙謙謙
10:02 Feudal Age
13:50 Castle Age
12:04 Horse Collar
13:01 Double-Bit Axe
14:56 Bow Saw
16:21 Heavy Plow
18:48 Stone Mining
20:15 Gold Mining
22:35 Wheelbarrow
23:06 Fletching
24:45 Hand Cart
24:33 Town Watch
24:34 Loom
29:13 Imperial Age
27:34 Bodkin Arrow
28:05 Thumb Ring
28:27 Ballistics
28:44 Bloodlines
28:35 Husbandry
28:55 Padded Archer Armor
28:51 Treadmill Crane
30:06 Leather Archer Armor
30:00 Scale Barding Armor
30:10 Bracer
30:21 Siege Engineers
31:17 Chemistry
32:00 Forging
32:12 Chain Barding Armor
32:08 Elite Battle Elephant
32:27 Elite Rattan Archer
34:01 Stone Shaft Mining
34:29 Two-Man Saw
34:06 Iron Casting
34:18 Chatras
34:41 Paper Money
35:44 Plate Barding Armor
37:45 Ring Archer Armor
36:56 Elite Battle Elephant
40:59 Guilds
49:25 Cavalier
wusung67
12:18 Feudal Age
14:03 Double-Bit Axe
16:38 Castle Age
15:23 Horse Collar
15:59 Gold Mining
18:11 Loom
18:45 Bow Saw
19:13 Heavy Plow
21:15 Stone Mining
22:31 Wheelbarrow
28:47 Imperial Age
27:42 Stone Shaft Mining
27:25 Hand Cart
26:59 Pikeman
27:52 Forging
28:41 Bloodlines
28:40 Fletching
30:34 Chemistry
31:04 Halberdier
32:36 Bodkin Arrow
32:43 Cavalier
36:30 Scale Mail Armor
37:06 Iron Casting
mcchenw
1:01 Loom
12:24 Feudal Age
13:22 Double-Bit Axe
16:18 Castle Age
15:06 Gold Mining
16:36 Light Cavalry
17:55 Bow Saw
17:42 Stone Mining
20:35 Wheelbarrow
20:35 Forging
21:30 Town Watch
24:30 Pikeman
25:45 Squires
29:31 Fletching
29:44 Husbandry
30:21 Iron Casting
29:52 Scale Barding Armor
32:20 Imperial Age
30:12 Hand Cart
32:41 Gold Shaft Mining
32:16 Scale Mail Armor
33:17 Chivalry
33:46 #83
33:47 Conscription
33:33 Cavalier
35:35 Conscription
36:30 Halberdier
38:19 Blast Furnace
37:15 Bodkin Arrow
37:36 Chain Mail Armor
42:33 Plate Mail Armor
42:42 Chain Barding Armor
43:34 Chemistry
42:55 Ballistics
42:47 Elite Skirmisher
FlipYsach
8:27 Loom
10:13 Feudal Age
15:23 Castle Age
14:10 Double-Bit Axe
14:53 Horse Collar
16:04 Pikeman
22:19 Bow Saw
23:39 Gold Mining
24:46 Heavy Plow
26:20 Wheelbarrow
26:52 Fletching
27:03 Scale Mail Armor
31:40 Imperial Age
29:00 Town Watch
30:21 Forging
30:23 Bodkin Arrow
30:43 Stone Mining
31:12 Yasama
31:43 Squires
32:12 Chain Mail Armor
32:29 Guard Tower
33:39 Conscription
34:02 Plate Mail Armor
36:12 Gold Shaft Mining
36:39 Keep
36:10 Arson
37:16 Iron Casting
37:02 Bracer
38:03 Masonry
37:59 Gambesons
39:16 Blast Furnace
39:11 Yasama
40:48 Chemistry
41:27 Hand Cart
41:24 Elite Samurai
43:23 Halberdier
45:03 Padded Archer Armor
45:35 Arrowslits
47:49 Parthian Tactics
47:31 Thumb Ring
49:26 Two-Man Saw
47:59 Heavy Cavalry Archer
52:08 Leather Archer Armor
52:24 Ballistics
Connection lost

Rejoining the realm…

Still unreachable

The connection could not be restored.

Session expired

The server has moved on; the page needs a fresh start.